Arrhythmia, chaotic female vampiric Convict ## ----- --- -----# ------- |... . ...|#########......| |...- --- .-------- -.|# |.<...| |...| .|------.|..|((]| +.|# +.....| |...| .|..)..|.|..|)((| |..### |.....| |...| --||.._(.|.-|-|@. ----.|# -+-.--- |...---+-..|.....|....-|---....|# # |..........|.....|.....).......| # |........{.-|-----.{).%[%......| 0 |.....................%)@...0..| |...-|---%..........-+---|--...| |...|...|-------.---| |...|...| |...|...| |!%.|.|..| |[%?|...| |...|...| |!%.-%-..|--|%"%|...| |..)-----+------%----..-----...| |..............[%..............| -------------------------------- Arrhythmia the Jail-bird Experience level: 8 Strength: 18 Dexterity: 12 Constitution: 20 Intelligence: 11 Wisdom: 8 Charisma: 8 Health: 0(92) Energy: 46(46) AC: 3 Gold: 187 Moves: 2840 Your Inventory: Coins $ - 187 gold pieces Weapons D - 8 uncursed poisoned [+0] crude arrows of frost [orcish] (in quiver) E - an uncursed [+0 thirsty] crude bow [orcish] Armor b - a cursed +0 striped shirt (being worn) n - a [blessed] +1 hooded cloak [dwarvish] (being worn) o - a cursed +0 pair of hard shoes [iron] (being worn) v - an [uncursed] +0 crested helmet [helmet] (being worn) w - an [uncursed] +0 large shield (being worn) x - an [uncursed] +0 pair of old gloves [leather] (being worn) Scrolls d - a blessed scroll labeled FOOBIE BLETCH [of earth] f - 2 uncursed scrolls of identify h - an uncursed scroll of scare monster j - an uncursed scroll of teleportation q - a cursed scroll of teleportation s - a blessed scroll of teleportation Potions y - an uncursed indigo potion [of object detection] A - an uncursed magenta potion [of healing] Wands z - a blessed wand of speed monster [0:6] B - a cursed wand of teleportation [0:0] Tools p - an uncursed magic flute [0:5] r - an uncursed [oil] lamp (lit) (0:111) u - an uncursed [+0] pick-axe Spells known in the end: Name Level Category Fail Memory a - create monster 2 clerical 100% [||||||||] Your skills at the end: Fighting Skills Weapon Skills sling [Basic / Skilled] Spellcasting Skills Final Attributes: You had transgressed. Hunger level was 177. Your alignment was -36 / 24. Monster difficulty range was 1 - 7. Level difficulty was 7. You were immune to poison. You were immune to level-drain. You were immune to sickness. You could fly. You could survive without air. You regenerated. Your luck was zero. You are dead. Vanquished creatures: a watch captain 5 watchmen a crocodile a leprechaun a dingo a dwarf lord a Woodland-elf 6 Uruk-hai a pony a violet fungus 7 gnome lords a gnomish wizard an elf zombie a little dog 4 dwarves a kobold lord a kobold shaman 2 hill orcs a centipede a werejackal an iguana a coyote a gas spore a hobbit a hobgoblin a yellow mold 22 gnomes 2 geckos a kobold 3 goblins 2 sewer rats 2 grid bugs 3 lichens 2 newts 82 creatures vanquished. Voluntary challenges: You went without food. You never hit with a wielded weapon. You read items or engraved 6 times. You put on armor 6 times. You never genocided any monsters. You never polymorphed an object. You never changed form. You used no wishes. You abstained from Elbereth's help. You never encountered a bones level. You never used any Sokoban shortcuts. Dungeon overview: The Dungeons of Doom: levels 1 to 4 Level 1 a long staircase Level 3 a general store Level 4 stairs to The Gnomish Mines The Gnomish Mines: levels 5 to 7 Level 5 stairs to The Dungeons of Doom Level 7 <- You were here some shops, a temple, a magic chest, some fountains History has recorded: On T:1 you entered the Dungeons of Doom to retrieve the Amulet of Yendor! On T:262 you reached level 2 of The Dungeons of Doom. On T:446 you advanced to experience level 2. On T:821 you advanced to experience level 3. On T:932 you reached level 3 of The Dungeons of Doom. On T:1317 you reached level 4 of The Dungeons of Doom. On T:1320 you advanced to experience level 4. On T:1367 you reached level 1 of The Gnomish Mines. On T:1376 you advanced to experience level 5. On T:1412 you advanced to experience level 6. On T:1709 you reached level 2 of The Gnomish Mines. On T:1808 you advanced to experience level 7. On T:1968 you reached level 3 of The Gnomish Mines. On T:2653 you advanced to experience level 8. Latest messages: The wand misses you. (2x) The poisoned crude arrow of frost misfires! Izchak zaps a wand of striking! The wand hits you! [HP-9=83] The poisoned crude arrow of frost misses Izchak. Izchak zaps a wand of striking! The wand hits you! [HP-6=77] c - an uncursed heavy iron ball (weapon in hand). Izchak hits! (2x) [HP-23=54] Izchak hits! (4x) [HP-45=9] Izchak hits! (2x) You die... Izchak looks at your corpse and disappears. Final status: Goodbye Arrhythmia the Convict... You died in The Gnomish Mines on dungeon level 7 with 4939 points, and 187 pieces of gold, after 2840 moves. You were level 8 with a maximum of 92 hit points when you died.